 Dungeon Crawl Stone Soup version 0.18.1-1-g2f07953 (webtiles) character file.

1353 IAWOC the Shield-Bearer (level 8, -1/73 HPs)
             Began as a Deep Dwarf Fighter on Sept 30, 2016.
             Was a Believer of Qazlal.
             Killed by divine providence
             ... invoked by an orc priest
              (9 damage)
             ... on level 6 of the Dungeon.
             The game lasted 00:25:18 (2320 turns).

IAWOC the Shield-Bearer (Deep Dwarf Fighter)        Turns: 2320, Time: 00:25:19

Health: -1/73      AC: 11    Str: 22    XL:     8   Next: 36%
Magic:  9/9        EV:  8    Int:  9    God:    Qazlal [**....]
Gold:   70         SH: 13    Dex: 12    Spells: 0 memorised, 7 levels left

rFire  . . .     SeeInvis .     a - +0 long sword
rCold  . . .     Gourm    .     r - +0 chain mail
rNeg   . . .     Faith    .     c - +0 shield
rPois  .         Spirit   .     (no helmet)
rElec  .         Dismiss  .     (no cloak)
rCorr  .         Reflect  .     (no gloves)
SustAt .         Harm     .     v - +0 pair of boots
MR     +....                    (no amulet)
Stlth  ..........               (no ring)
                                (no ring)

@: non-regenerating, somewhat resistant to hostile enchantments, extremely
unstealthy
A: damage resistance, recharge devices, sense surroundings 1, slow regeneration
3
a: Device Recharging, Upheaval, Renounce Religion


You were on level 6 of the Dungeon.
You worshipped Qazlal.
Qazlal was pleased with you.
You were not hungry.

You visited 1 branch of the dungeon, and saw 6 of its levels.

You collected 200 gold pieces.
You spent 130 gold pieces at shops.

Inventory:

Hand Weapons
 a - a +0 long sword (weapon)
 i - a +1 whip of freezing
Armour
 c - a +0 shield (worn)
 r - a +0 chain mail (worn)
 v - a +0 pair of boots (worn)
Wands
 e - a wand of heal wounds (1/9)
 k - a wand of lightning (5/15)
 y - a wand of slowing (24/48)
Scrolls
 g - 5 scrolls of identify
 n - 2 scrolls of remove curse
 o - 4 scrolls of magic mapping
 s - a scroll of fear {unknown}
 t - 3 scrolls of teleportation
 u - 2 scrolls of blinking {unknown}
 w - a scroll of random uselessness {unknown}
 A - a scroll of enchant armour {unknown}
Potions
 b - a potion of mutation {unknown}
 d - 2 potions of might
 f - a potion of beneficial mutation {unknown}
 h - a potion of curing {unknown}
 j - a potion of invisibility {unknown}
 p - 2 potions of cure mutation {unknown}
 q - a potion of ambrosia {unknown}
 x - 2 potions of flight {unknown}
Comestibles
 l - 4 fruits
 m - 2 meat rations
 z - a beef jerky


   Skills:
 + Level 4.4 Fighting
 + Level 4.3 Long Blades
 + Level 6.5 Armour
 + Level 3.7 Dodging
 + Level 6.9 Shields
 + Level 1.6 Evocations


You had 7 spell levels left.
You didn't know any spells.

Dungeon Overview and Level Annotations

Branches:
Dungeon (6/15)             Temple (0/1) D:6

Altars:
Dithmenos
Gozag
Qazlal
Vehumet

Shops:
D:4 ?}


Innate Abilities, Weirdness & Mutations

You are resistant to damage.
You can recharge devices by infusing magical energy.
You passively map a small area around you.
You do not regenerate naturally.


Message History

You see here a bread ration.
An orc priest comes into view. It is wielding a dagger.
The orc priest shouts!
You slash the orc!
You kill the orc!
Qazlal accepts your kill.
You hit the orc.
The orc is lightly wounded.
The orc priest mumbles some strange prayers to Beogh against you.
Pain shoots through your body! The orc barely misses you.
An orc priest comes into view. It is wielding a flail.
The orc priest shouts!
You slash the orc!
You kill the orc!
Qazlal accepts your kill.
The orc priest moves out of view.
You see here a falchion.
The orc priest calls down the wrath of Beogh upon you.
Beogh smites you!
You die...

#.# #........#..## #
#.###.####.#...### #.
##...#...##........
#.##[.....)).).....###
,*#..........).)####.#
###...........# ..# ,
#..%........# ### *
##..ยง.o.......# *
#)@.o#...#.##..
#.####....... # ** #.#
...###### , ...,.##.#
, ##.## .# , , ..., ,
#.#* * * * , #.. , #..
* * *


You could see 2 orc priests.

Vanquished Creatures
  Pikel (D:4)
  An orc warrior (D:6)
  2 slaves (D:4)
  2 ogres (D:5)
  A phantom (D:5)
  A centaur (D:5)
  A scorpion (D:5)
  A howler monkey (D:5)
  A crimson imp (D:5)
  2 orc priests (D:6)
  A hound (D:5)
  2 worker ants (D:5)
  Natasha (D:4)
  An orc wizard (D:6)
  A howler monkey skeleton (D:5)
  4 adders
  A shadow imp (D:5)
  2 adder zombies (D:5)
  A worm (D:3)
  3 dart slugs
  3 giant geckos
  13 orcs
  A ball python (D:3)
  3 giant cockroaches
  4 goblins
  5 hobgoblins
  2 jackals (D:2)
  A quokka (D:3)
  2 bats
  4 giant newts
  2 kobolds
  A quokka skeleton (D:3)
  A rat (D:3)
72 creatures vanquished.

Notes
Turn   | Place    | Note
--------------------------------------------------------------
     0 | D:1      | IAWOC the Deep Dwarf Fighter began the quest for the Orb.
     0 | D:1      | Reached XP level 1. HP: 20/20 MP: 1/1
   158 | D:2      | Found an opulent altar of Gozag.
   167 | D:2      | Found a stormy altar of Qazlal.
   178 | D:2      | Found a radiant altar of Vehumet.
   187 | D:2      | Found a shadowy altar of Dithmenos.
   199 | D:2      | Became a worshipper of Qazlal Stormbringer
   247 | D:1      | Reached XP level 2. HP: 24/27 MP: 2/2
   555 | D:2      | Reached XP level 3. HP: 22/33 MP: 3/3
   681 | D:3      | Reached * piety under Qazlal
   907 | D:3      | Reached skill level 1 in Dodging
   911 | D:3      | Reached XP level 4. HP: 42/42 MP: 4/4
  1033 | D:4      | Found Umilien's Gadget Emporium.
  1037 | D:4      | Noticed a slave
  1037 | D:4      | Noticed a slave
  1039 | D:4      | Noticed Pikel
  1040 | D:4      | Noticed a slave
  1045 | D:4      | Noticed a slave
  1057 | D:4      | Killed a slave
  1068 | D:4      | Killed a slave
  1084 | D:4      | Killed Pikel
  1084 | D:4      | Reached skill level 5 in Armour
  1084 | D:4      | Reached skill level 5 in Shields
  1084 | D:4      | Reached skill level 1 in Evocations
  1084 | D:4      | Reached XP level 5. HP: 19/50 MP: 5/5
  1084 | D:4      | Reached XP level 6. HP: 21/57 MP: 6/6
  1084 | D:4      | Reached XP level 7. HP: 24/63 MP: 7/7
  1109 | D:4      | Bought a wand of lightning (9/15) for 130 gold pieces
  1170 | D:4      | Found Keocoh's Magic Scroll Shop.
  1263 | D:4      | Noticed Natasha
  1291 | D:4      | Killed Natasha
  1333 | D:5      | Entered Level 5 of the Dungeon
  1715 | D:5      | Reached XP level 8. HP: 22/72 MP: 8/8
  1863 | D:5      | Reached ** piety under Qazlal
  2320 | D:6      | Killed from afar by an orc priest

Skill      XL: |  1  2  3  4  5  6  7 |
---------------+----------------------+-----
Fighting       | 3 4 |  4.4
Shields        | 4 5 6 |  6.9
Dodging        | 1 2 3 |  3.7
Long Blades    | 3 4 |  4.3
Armour         | 5 6 |  6.5
Evocations     | 1 |  1.6

Action                   |  1- 3 |  4- 6 |  7- 9 || total
-------------------------+-------+-------+-------++-------
Melee: Long sword        |   123 |    52 |   115 ||   290
Evoke: Wand              |     1 |     1 |     7 ||     9
  Use: Scroll            |     4 |       |     1 ||     5
  Eat: Beef jerky        |       |     1 |       ||     1
       Bread ration      |       |       |     1 ||     1
Armor: Scale mail        |    84 |       |       ||    84
       Chain mail        |     5 |    30 |    97 ||   132
Dodge: Dodged            |    56 |    19 |    62 ||   137
Block: Shield            |   100 |    41 |   129 ||   270
